AoeStats
← 海峡

Four Lakes

507224843Analyzed
1v1 RM · 16d ago on Sep 17, 2026· 43m 0s· 2 players
Game mode
Random Map
Map size
Tiny (2 player)
Population
200
Speed
Normal
Resources
Standard
Victory
Conquest
Starting age
Dark Age
Ending age
Imperial Age
RankedLock teamsTeams togetherTeam positionsShared explorationLock speedFull tech treeHidden civsTurbo modeCheats
Victory
Defeat
🇨🇳 Inca · China
1636
+14
🇲🇽 Inca · Mexico
1596
-14
florida
10:11 Feudal Age
8:29 Loom
10:46 Double-Bit Axe
18:12 Castle Age
16:50 Stone Mining
20:41 Fletching
23:25 Medium Warships
27:34 Gold Mining
27:57 Bow Saw
27:38 Gold Mining
28:12 Bodkin Arrow
29:12 Ballistics
29:50 Wheelbarrow
29:42 Padded Archer Armor
34:26 Imperial Age
32:45 Leather Archer Armor
33:17 Squires
33:20 Scale Mail Armor
35:09 Bracer
37:25 Conscription
37:11 Horse Collar
37:48 Chain Mail Armor
38:07 Heavy Plow
38:35 Hand Cart
39:06 Plate Mail Armor
海峡
9:29 Loom
12:24 Feudal Age
16:10 Castle Age
13:38 Champi Runner
14:39 Forging
14:23 Fishing Lines
14:51 Scale Mail Armor
14:59 Double-Bit Axe
15:45 Scale Mail Armor
15:44 Gold Mining
16:14 Champi Warrior
17:04 Arson
18:10 Wheelbarrow
21:00 Iron Casting
22:55 Bow Saw
23:53 Chain Mail Armor
24:41 Medium Warships
24:47 Squires
24:55 Gillnets
30:40 Imperial Age
30:41 Elite Champi Warrior
32:24 Plate Mail Armor
33:42 Blast Furnace
36:03 Hand Cart
36:42 Gold Shaft Mining
36:04 Town Watch
35:46 Capped Ram
37:37 Siege Ram
Connection lost

Rejoining the realm…

Still unreachable

The connection could not be restored.

Session expired

The server has moved on; the page needs a fresh start.